Map: [ESL] Site Delta

Players

ShoWTimE - Winner!

  • Race: Protoss Protoss
  • League: Master
  • Spawn Location: 5:00

ForJumY

  • Race: Protoss Protoss
  • League: Grandmaster
  • Spawn Location: 11:00

Event: HomeStory Cup XXIV

VOD

Have the link to the VOD?

Description

Time

  • Played on: Dec. 2, 2023, 6:23 a.m.
  • Length: 8:49

All games in this series

Show
View Real Time Build Order
Export as new Build Order

ShoWTimE Protoss - Winner!

Build Orders: Proxy Void Ray 

Get SALT Encoding   

  12  0:00  Probe  
  13  0:12  Probe  
  14  0:18  Pylon  
  14  0:24  Probe (Chrono Boost)  
  15  0:36  Probe (Chrono Boost)  
  15  0:37  Gateway  
  16  0:45  Probe (Chrono Boost)  
  16  0:46  Assimilator  
  17  0:50  Probe  
  18  1:03  Probe  
  19  1:15  Probe (Chrono Boost)  
  19  1:16  Assimilator, Pylon  
  20  1:25  Cybernetics Core, Probe (Chrono Boost)  
  21  1:28  Zealot  
  23  1:32  Probe  
  24  1:45  Probe  
  25  1:57  Probe  
  26  2:05  Stargate  
  26  2:08  Stalker  
  28  2:17  Warp Gate  
  28  2:28  Nexus  
  28  2:34  Pylon  
  28  2:40  Shield Battery  
  31  2:59  Void Ray (Chrono Boost)  
  31  3:00  Probe  
  32  3:12  Probe  
  33  3:14  Stalker  
  34  3:32  Void Ray (Chrono Boost)  
  34  3:33  Probe  
  37  3:44  Probe  
  37  3:45  Probe  
  39  3:53  Shield Battery  
  39  3:56  Probe  
  39  3:57  Probe  
  39  4:00  Shield Battery  
  41  4:15  Void Ray (Chrono Boost)  
  45  4:21  Pylon  
  43  4:34  Shield Battery  
  43  4:35  Stalker  
  47  4:50  Void Ray (Chrono Boost)  
  39  5:01  Zealot  
  40  5:08  Shield Battery  
  40  5:19  Shield Battery  
  44  5:24  Void Ray (Chrono Boost)  
  44  5:25  Sentry  
  44  5:26  Probe x2  
  48  5:34  Gateway  
  48  5:38  Probe x2  
  50  5:50  Probe  
  56  5:57  Void Ray, Adept  
  56  6:01  Gateway  
  56  6:03  Phoenix, Probe  
  58  6:05  Probe  
  57  6:15  Probe  
  57  6:17  Robotics Facility, Probe  
  58  6:21  Pylon  
  58  6:27  Probe  
  58  6:29  Probe  
  58  6:31  Adept  
  62  6:38  Shield Battery  
  62  6:43  Stalker  
  62  6:44  Probe  
  62  6:45  Probe  
  64  6:55  Pylon  
  64  6:56  Probe, Stalker  
  64  6:57  Probe  
  68  7:10  Immortal (Chrono Boost), Probe x2  
  74  7:16  Stalker  
  76  7:24  Pylon, Probe x2  
  78  7:40  Assimilator  
  78  7:41  Pylon  
  78  7:42  Probe x2  
  78  7:43  Observer (Chrono Boost)  
  81  7:45  Stalker  
  83  7:53  Stalker  
  83  7:55  Probe  
  86  7:59  Probe  
  86  8:00  Immortal (Chrono Boost)  
  86  8:04  Stalker  
  85  8:06  Pylon  
  85  8:07  Probe  
  70  8:20  Stalker  
  70  8:24  Assimilator  
  70  8:25  Stalker  
  73  8:35  Pylon  
Show
View Real Time Build Order
Export as new Build Order

ForJumY Protoss 

Build Orders:  

Get SALT Encoding   

  12  0:00  Probe  
  13  0:12  Probe  
  14  0:17  Pylon  
  14  0:24  Probe  
  15  0:36  Probe (Chrono Boost)  
  15  0:38  Gateway  
  16  0:47  Assimilator  
  16  0:48  Probe (Chrono Boost)  
  17  0:53  Probe (Chrono Boost)  
  18  1:03  Probe  
  19  1:15  Probe  
  22  1:25  Zealot  
  22  1:26  Cybernetics Core  
  22  1:30  Probe  
  23  1:34  Pylon  
  23  1:38  Pylon  
  23  1:41  Assimilator  
  23  1:52  Probe  
  24  1:54  Gateway  
  24  2:00  Stalker (Chrono Boost)  
  24  2:02  Warp Gate (Chrono Boost)  
  26  2:09  Assimilator  
  26  2:13  Probe  
  27  2:26  Shield Battery  
  27  2:29  Adept  
  29  2:44  Gateway  
  29  2:57  Gateway  
  28  2:59  Adept  
  28  3:05  Stalker  
  32  3:13  Pylon  
  32  3:43  Stalker x3  
  36  3:53  Stalker  
  38  3:59  Stalker  
  40  4:07  Stalker  
  42  4:11  Stalker  
  40  4:31  Stalker x2  
  40  4:36  Stalker  
  44  4:47  Stalker  
  40  5:01  Stalker  
  40  5:03  Stalker  
  40  5:09  Stalker  
  40  5:18  Stalker  
  42  5:28  Twilight Council  
  42  5:41  Adept x2  
  46  5:48  Pylon  
  44  6:13  Dark Shrine  
  44  6:16  Blink (Chrono Boost)  
  44  6:17  Adept  
  44  6:49  Stalker x2  
  44  6:52  Stalker x2  
  50  6:56  Pylon  
  50  7:12  Stalker x2  
  54  7:18  Stalker  
  56  7:30  Stalker  
  56  7:35  Stalker  
  60  7:40  Stalker  
  62  7:53  Pylon  
  62  7:58  Stalker  
  40  8:15  Stalker x2  
  42  8:24  Stalker  
Tags
 
Add a new tag
Caveats
  • Supply blocks, unpowered buildings, or Contaminate may cause inaccurate times.
  • Supply counts are checked every 10 seconds.